 Dungeon Crawl Stone Soup version 0.26-b1-32-g5d43845318 (webtiles) character file.

Game seed: 15080591702616583086

851 dohliylev the Stinger (level 8, -5/41 HPs)
             Began as a Gargoyle Venom Mage on Jan 12, 2021.
             Was an Initiate of Sif Muna.
             Slain by an ice beast (21 damage)
             ... on level 6 of the Dungeon.
             The game lasted 00:21:59 (6473 turns).

dohliylev the Stinger (Gargoyle Venom Mage)         Turns: 6473, Time: 00:21:59

Health: -5/41      AC:  8    Str: 12    XL:     8   Next: 1%
Magic:  13/16      EV: 12    Int: 18    God:    Sif Muna [......]
Gold:   327        SH:  0    Dex: 10    Spells: 14/17 levels left

rFire    + . .     SeeInvis .   e - +1 dagger (speed)
rCold    x . .     Faith    .   (no shield)
rNeg     + . .     Spirit   .   a - +0 robe
rPois    ∞         Reflect  .   (no helmet)
rElec    +         Harm     .   v - +0 cloak
rCorr    .         Rampage  .   (no gloves)
Will     .....                  (no boots)
Stlth    ++........             (no amulet)
HPRegen  0.13/turn              f - ring of fire
MPRegen  0.15/turn              w - +4 ring of slaying

@: no status effects
A: negative energy resistance 1, electricity resistance, unbreathing,
petrification resistance, miasma immunity, AC +5
a: Renounce Religion


You were on level 6 of the Dungeon.
You worshipped Sif Muna.
Sif Muna was noncommittal.
You visited 2 branches of the dungeon, and saw 7 of its levels.

You collected 327 gold pieces.

Inventory:

Hand Weapons
 e - a +1 dagger of speed (weapon)
Armour
 a - a +0 robe (worn)
 v - a +0 cloak (worn)
Jewellery
 f - a ring of fire (left hand)
 t - an uncursed ring of protection from fire
 w - a +4 ring of slaying (right hand)
Wands
 y - a wand of polymorph (11)
Scrolls
 d - 6 scrolls of identify {unknown}
 i - 2 scrolls of random uselessness {unknown}
 j - 8 scrolls of remove curse {unknown}
 l - 3 scrolls of enchant weapon {unknown}
 o - a scroll of immolation {unknown}
 p - a scroll of fear {unknown}
 q - 3 scrolls of amnesia {unknown}
 s - a scroll of blinking {unknown}
 u - 2 scrolls of teleportation {unknown}
 A - a scroll of fog {unknown}
Potions
 b - a potion of lignification {unknown}
 c - a potion of haste {unknown}
 g - a potion of might {unknown}
 h - 4 potions of curing {unknown}
 k - a potion of berserk rage {unknown}
 m - 2 potions of heal wounds {unknown}
 n - a potion of magic {unknown}
 r - 2 potions of degeneration {unknown}
 x - a potion of flight {unknown}
 z - a potion of brilliance {unknown}


   Skills:
 - Level 1.0 Short Blades
 - Level 0.1 Slings
 - Level 1.5 Dodging
 - Level 2.1 Stealth
 - Level 5.4 Spellcasting
 + Level 0.5 Conjurations
 - Level 0.1 Summonings
 - Level 0.7 Transmutations
 - Level 0.1 Air Magic
 - Level 7.0 Poison Magic
 + Level 0.3 Invocations


You had 14 spell levels left.
You knew the following spells:

 Your Spells              Type           Power        Failure   Level
a - Sting                 Tmut/Pois      72%          2%          1
b - Poisonous Vapours     Pois/Air       34%          4%          2

Your spell library contained the following spells:

 Spells                   Type           Power        Failure   Level
 Olgreb's Toxic Radiance  Pois           30%          7%          4
 Ignite Poison            Fire/Tmut/Pois 21%          13%         3
 Mephitic Cloud           Conj/Pois/Air  14%          14%         3


Dungeon Overview and Level Annotations

Branches:
Dungeon (6/15)             Temple (1/1) D:5

Altars:
Ashenzari
Cheibriados
Dithmenos
Fedhas
Gozag
Hepliaklqana
Kikubaaqudgha
Nemelex Xobeh
Sif Muna
Trog
Uskayaw
Xom
The Shining One


Innate Abilities, Weirdness & Mutations

You are resistant to torment.
Your stone body is resilient. (AC +5)
You are immune to poison.
You resist negative energy. (rN+)
You are resistant to electric shocks. (rElec)
You can survive without breathing.
You are immune to petrification.
You are immune to miasma.


Message History

You barely miss the ice beast.
The ice beast is lightly wounded.
The ice beast hits you but does no damage.
You hit the ice beast.
The ice beast is moderately wounded.
You hit the ice beast.
The ice beast is heavily wounded.
The ice beast hits you. The ice beast freezes you!!
You feel a terrible chill!
Ouch! That really hurt!
Casting: Sting (safe; 2% risk of failure)
Confirm with . or Enter, or press ? or * to list all spells.
Aiming: Sting (safe; 2% risk of failure)
Press: ? - help, Shift-Dir - straight line, f/p - ice beast
Aim: an ice beast (heavily wounded, poisoned, 26% to evade)
The sting misses the ice beast.
The ice beast barely misses you.
You barely miss the ice beast.
The ice beast is heavily wounded.
The ice beast hits you. The ice beast freezes you!!
You feel a terrible chill!
Ouch! That really hurt!
You die...

#......... ##.....##
######.......# ##
#............# ..
#<####.......# .#
##.....## .#
#..).####.##
#######.#†####...####
#....Y@.#...........#
#.#.##########<..##.#
##.## .# .. .## .. .#
.#


You could see an ice beast (poisoned).

Vanquished Creatures
  A sky beast (D:5)
  A centaur (D:5)
  A scorpion (D:4)
  2 vampire bats (D:3)
  A jelly (D:5)
  An orc priest (D:3)
  3 hounds
  2 orc wizards
  2 worker ants
  A hound skeleton (D:5)
  A gnoll (D:1)
  12 adders
  A shadow imp (D:5)
  A white imp (D:6)
  An ooze (D:2)
  2 worms (D:2)
  2 dart slugs
  10 leopard geckos
  9 orcs
  4 ball pythons
  17 bats
  4 giant cockroaches
  14 goblins
  12 hobgoblins
  14 jackals
  7 kobolds
  6 quokkas
  6 frilled lizards
  2 quokka skeletons
  8 rats
148 creatures vanquished.

Notes
Turn   | Place    | Note
-------+----------+-------------------------------------------
     0 | D:1      | dohliylev the Gargoyle Venom Mage began the quest for the
                  | Orb.
     0 | D:1      | Reached XP level 1. HP: 10/10 MP: 3/3
   202 | D:1      | Reached XP level 2. HP: 15/15 MP: 1/5
   557 | D:1      | Reached skill level 4 in Poison Magic
   560 | D:1      | Reached XP level 3. HP: 18/19 MP: 2/6
  1026 | D:1      | Reached XP level 4. HP: 24/24 MP: 5/7
  1365 | D:2      | Found a hide-covered altar of Uskayaw.
  1490 | D:2      | Learned a level 2 spell: Poisonous Vapours
  1546 | D:2      | Reached skill level 5 in Poison Magic
  1808 | D:2      | Reached skill level 1 in Short Blades
  1808 | D:2      | Reached XP level 5. HP: 28/28 MP: 2/8
  3119 | D:3      | Reached XP level 6. HP: 32/32 MP: 0/9
  3299 | D:3      | Reached skill level 6 in Poison Magic
  4133 | D:4      | Reached XP level 7. HP: 36/36 MP: 7/12
  4248 | D:4      | Found a snail-covered altar of Cheibriados.
  4981 | D:5      | Entered Level 5 of the Dungeon
  5348 | D:5      | Found a staircase to the Ecumenical Temple.
  5359 | Temple   | Entered the Ecumenical Temple
  5383 | Temple   | Became a worshipper of Sif Muna the Loreminder
  5443 | D:5      | Reached skill level 7 in Poison Magic
  6092 | D:5      | Reached skill level 5 in Spellcasting
  6171 | D:5      | Reached XP level 8. HP: 40/41 MP: 1/16
  6473 | D:6      | Slain by an ice beast

Illustrated notes

Levels and vault maps discovered:
D:1:      dpeg_arrival_rooms_with_view, layout_basic
D:2:      minmay_razor_zed, layout_basic, eat_drink_and_be_merry_uskayaw
D:3:      layout_basic, roderic_batcave
D:4:      layout_basic, kennysheep_slug_shrine, corexii_item_surrounded_by_moat
D:5:      layout_gridville, minmay_temple_entry_overgrown
D:6:      layout_loops_ring, yredelemnul_forgotten_temple_becter,
          nicolae_ru_awakened_eye, serial_shops, kennysheep_mini,
          enter_ossuary_4
Temple:   hc_temple_tempest_star

Skill      XL: |  1  2  3  4  5  6  7 |
---------------+----------------------+-----
Poison Magic   | 4 5 6 7 |  7.0
Short Blades   | 1 |  1.0
Spellcasting   | 3 5 |  5.4
Slings         | |  0.1
Dodging        | |  1.5
Stealth        | |  2.1
Conjurations   | |  0.5
Summonings     | |  0.1
Transmutations | |  0.7
Air Magic      | |  0.1
Invocations    | |  0.3

Action                   |  1- 3 |  4- 6 |  7- 9 || total
-------------------------+-------+-------+-------++-------
Melee: Unarmed           |     6 |       |       ||     6
       Dagger            |    69 |    96 |    47 ||   212
 Cast: Sting             |    49 |    76 |    20 ||   145
       Poisonous Vapours |       |    48 |    39 ||    87
 Stab: Sleeping          |     1 |     1 |     1 ||     3
Armor: Robe              |    22 |    26 |    12 ||    60
Dodge: Dodged            |    55 |    74 |    14 ||   143
